 Dungeon Crawl Stone Soup version 0.23.2 (webtiles) character file.

Game seed: 2291765950530378634

11106 MartialLaw the Fighter (level 11, -2/76 HPs)
             Began as a Gargoyle Berserker on Mar 31, 2019.
             Was a High Priest of Trog.
             Slain by Urug
             ... wielding a +2 glaive of chopping
              (13 damage)
             ... while paralysed by Urug
             ... on level 11 of the Dungeon.
             The game lasted 00:39:54 (12233 turns).

MartialLaw the Fighter (Gargoyle Berserker)        Turns: 12233, Time: 00:39:55

Health: -2/76      AC: 24    Str: 23    XL:     11   Next: 72%
Magic:  11/11      EV:  2    Int:  9    God:    Trog [*****.]
Gold:   257        SH:  0    Dex:  9    Spells: 10/10 levels left

rFire    x . .     SeeInvis +   a - +0 mace
rCold    + . .     Gourm    .   (no shield)
rNeg     + . .     Faith    .   G - +0 plate armour {rPois}
rPois    ∞         Spirit   .   (no helmet)
rElec    +         Reflect  .   v - +0 cloak
rCorr    .         Harm     .   y - +0 pair of gloves
MR       .....                  (no boots)
Stlth    ..........             (no amulet)
HPRegen  0.22/turn              q - ring of ice
MPRegen  0.12/turn              h - ring of see invisible

@: paralysed, berserk cooldown, slowed
A: negative energy resistance 1, electricity resistance, unbreathing,
petrification resistance, rot immunity, AC +8
a: Berserk, Trog's Hand, Brothers in Arms, Renounce Religion


You were on level 11 of the Dungeon.
You worshipped Trog.
Trog was extremely pleased with you.
You were hungry.

You visited 1 branch of the dungeon, and saw 11 of its levels.

You collected 751 gold pieces.
You spent 494 gold pieces at shops.

Inventory:

Hand Weapons
 a - a +0 mace (weapon)
 n - a +4 antimagic dire flail
 J - a +3 war axe of chopping
Armour
 b - a +0 animal skin
 v - a +0 cloak (worn)
 y - a +0 pair of gloves (worn)
 G - a +0 plate armour of poison resistance (worn)
Jewellery
 h - a ring of see invisible (right hand)
 j - an uncursed ring of flight
 q - a ring of ice (left hand)
 w - an uncursed ring of wizardry
Wands
 o - a wand of iceblast (6)
 C - a wand of random effects (38)
 E - a wand of flame (20)
 I - a wand of clouds (6)
 M - a wand of enslavement (8)
Scrolls
 f - a scroll of brand weapon {unknown}
 i - 3 scrolls of remove curse
 k - 3 scrolls of teleportation {unknown}
 l - a scroll of random uselessness
 r - 2 scrolls of amnesia {unknown}
 t - a scroll of acquirement {unknown}
 u - a scroll of magic mapping {unknown}
 x - 9 scrolls of identify
 D - a scroll of fear
 K - a scroll of blinking
 L - a scroll of fog {unknown}
Potions
 d - 2 potions of invisibility
 e - a potion of mutation
 g - a potion of brilliance
 m - a potion of agility
 p - 2 potions of heal wounds
 s - a potion of might {unknown}
 z - 4 potions of degeneration {unknown}
 A - a potion of lignification {unknown}
 B - 3 potions of haste
 F - a potion of ambrosia {unknown}
 H - 2 potions of curing
Comestibles
 c - 23 rations


   Skills:
 + Level 12.5 Fighting
 * Level 9.3 Maces & Flails
 + Level 9.0 Armour
 + Level 7.1 Dodging
 - Level 0.3 Stealth


You had 10 spell levels left.
You didn't know any spells.
Your spell library was empty.

Dungeon Overview and Level Annotations

Branches:
Dungeon (11/15)            Temple (0/1) D:7            Lair (0/6) D:8
    Orc (0/2) D:9

Altars:
Dithmenos
Elyvilon
Gozag
Hepliaklqana
Makhleb
Trog
Uskayaw
Xom
The Shining One

Shops:
D:8 [

Annotations:
D:6 Prince Ribbit
D:11 Urug


Innate Abilities, Weirdness & Mutations

You are resistant to torment.
Your stone body is resilient. (AC +8)
You are immune to poison.
You resist negative energy. (rN+)
You are resistant to electric shocks. (rElec)
You can survive without breathing.
You are immune to petrification.
You are immune to rotting.


Message History

Urug is severely wounded.
Urug zaps a wand.
You easily resist.
You closely miss Urug.
Urug is severely wounded.
You thump Urug!
Urug is severely wounded.
Urug zaps a wand.
You suddenly lose the ability to move!
Urug hits you with a +2 glaive of chopping!
* * * LOW HITPOINT WARNING * * *
x2 Urug hits you with a +2 glaive of chopping!
* * * LOW HITPOINT WARNING * * *
x2 Urug zaps a wand.
You easily resist.
You are no longer berserk.
You feel yourself slow down.
Urug hits you with a +2 glaive of chopping.
* * * LOW HITPOINT WARNING * * *
x2 Urug hits you but does no damage.
Urug mutters, "Sometimes I wonder if they all really are harpies."
Urug hits you with a +2 glaive of chopping!
You die...

#.......)#
......
#........#
#.........>#
#.<......#
#..........###
#........#
#.....(....#.+
#........#
#............
#........#
#..........#
###'######
#..........#
#.).#
#..........#
###.#
#.o@.(...(.#
#...#
#######.####
###...###
####...>####
#.......##
#..........#
#..#.#...#
#..........#
#.##.##..#
#....<.....#
#.#...#..#
#..........#
#.##.##..#
#..........#
#..###...#
#..........#


You could see Urug.

Vanquished Creatures
  A two-headed ogre (D:10)
  An unseen horror (D:10)
  An elephant (D:8)
  Joseph (D:7)
  Grinder (D:3)
  2 hornets (D:10)
  3 hippogriffs
  10 yaks
  A vampire (D:9)
  A hungry ghost (D:9)
  3 ice beasts
  2 phantoms
  6 sky beasts
  An orc warrior (D:10)
  3 black bears
  4 ogres
  2 wolves (D:11)
  6 centaurs
  4 crocodiles
  10 big kobolds (D:8)
  Blork the orc (D:6)
  5 bullfrogs
  A wyvern skeleton (D:11)
  15 killer bees
  An electric eel (D:11)
  A bullfrog zombie (D:5)
  5 crimson imps
  2 quasits
  3 centaur zombies
  3 orc priests
  9 hounds
  2 centaur skeletons (D:5)
  2 bullfrog skeletons
  Terence (D:3)
  6 worker ants
  5 iguanas
  10 orc wizards
  8 ogre zombies (D:9)
  A bullfrog simulacrum (D:11)
  A centaur simulacrum (D:11)
  A hound zombie (D:10)
  2 worker ant zombies
  Robin (D:4)
  5 gnolls
  A howler monkey skeleton (D:7)
  14 adders
  A shadow imp (D:5)
  An ooze (D:2)
  An adder zombie (D:6)
  4 worms
  A dart slug (D:1)
  8 leopard geckos
  17 orcs
  7 giant cockroaches
  16 goblins
  18 hobgoblins
  2 jackals (D:1)
  4 quokkas
  8 bats
  4 frilled lizards
  A giant cockroach zombie (D:5)
  2 goblin skeletons (D:9)
  3 goblin zombies (D:9)
  3 hobgoblin zombies (D:9)
  A jackal skeleton (D:4)
  16 kobolds
  A leopard gecko skeleton (D:8)
  3 orc skeletons (D:9)
  14 orc zombies (D:9)
  A quokka skeleton (D:4)
  12 rats
318 creatures vanquished.

Vanquished Creatures (others)
  A killer bee (D:11)
  An orc wizard (D:10)
2 creatures vanquished.

Grand Total: 320 creatures vanquished

Notes
Turn   | Place    | Note
-------+----------+-------------------------------------------
     0 | D:1      | MartialLaw the Gargoyle Berserker began the quest for the
                  | Orb.
     0 | D:1      | Reached XP level 1. HP: 14/14 MP: 1/1
   105 | D:1      | Reached XP level 2. HP: 11/19 MP: 2/2
   504 | D:1      | Reached XP level 3. HP: 24/24 MP: 3/3
   766 | D:1      | Reached ** piety under Trog
  1356 | D:2      | Reached XP level 4. HP: 29/29 MP: 4/4
  1422 | D:2      | Reached skill level 4 in Fighting
  1675 | D:2      | You fall through a shaft for 2 floors!
  2076 | D:2      | Found a faded altar of an unknown god.
  2076 | D:2      | Found a bloodstained altar of Trog.
  2082 | D:2      | Found a burning altar of Makhleb.
  2084 | D:2      | Found a glowing golden altar of the Shining One.
  2085 | D:2      | Found a shimmering altar of Xom.
  2451 | D:2      | Reached XP level 5. HP: 31/33 MP: 5/5
  2528 | D:3      | Noticed Terence
  2533 | D:3      | Killed Terence
  2839 | D:3      | Reached *** piety under Trog
  2903 | D:3      | Noticed Grinder
  2914 | D:3      | Paralysed by Grinder for 3 turns
  2927 | D:3      | Paralysed by Grinder for 6 turns
  2939 | D:3      | Paralysed by Grinder for 3 turns
  2957 | D:3      | Killed Grinder
  2957 | D:3      | Reached skill level 5 in Fighting
  2957 | D:3      | Reached XP level 6. HP: 19/40 MP: 6/6
  3399 | D:4      | Got a polished quarterstaff
  3400 | D:4      | Identified the cursed +3 quarterstaff "Ecacun" {distort,
                  | *Corrode +Blink rN+} (You found it on level 4 of the
                  | Dungeon)
  3448 | D:4      | Found a hide-covered altar of Uskayaw.
  3465 | D:4      | Noticed Robin
  3500 | D:4      | Reached skill level 5 in Maces & Flails
  3510 | D:4      | Killed Robin
  3517 | D:4      | Reached XP level 7. HP: 44/44 MP: 7/7
  4223 | D:5      | Entered Level 5 of the Dungeon
  4288 | D:5      | Reached skill level 6 in Fighting
  4446 | D:5      | Found a hazy altar of Hepliaklqana.
  4462 | D:5      | Reached **** piety under Trog
  4974 | D:5      | Reached XP level 8. HP: 48/52 MP: 8/8
  5251 | D:5      | Reached skill level 7 in Fighting
  5451 | D:6      | Noticed Blork the orc
  5467 | D:6      | Killed Blork the orc
  5649 | D:6      | Reached skill level 5 in Armour
  5820 | D:6      | Found a shadowy altar of Dithmenos.
  6104 | D:6      | Reached skill level 8 in Fighting
  6320 | D:7      | Reached XP level 9. HP: 59/59 MP: 9/9
  6335 | D:7      | Noticed Prince Ribbit
  6709 | D:7      | Found a staircase to the Ecumenical Temple.
  6851 | D:7      | Noticed Joseph
  7437 | D:7      | Killed Joseph
  7437 | D:7      | Reached skill level 9 in Fighting
  7577 | D:8      | Reached skill level 5 in Dodging
  7730 | D:8      | Found Duonufom's Antique Armour Shop.
  7741 | D:8      | Bought a shiny plate armour for 494 gold pieces
  7755 | D:8      | Found a staircase to the Lair.
  7755 | D:8      | Noticed an elephant
  7799 | D:8      | Killed an elephant
  7799 | D:8      | Reached XP level 10. HP: 35/68 MP: 10/10
  7805 | D:8      | Reached skill level 10 in Fighting
  8236 | D:8      | Found an opulent altar of Gozag.
  8465 | D:8      | Reached ***** piety under Trog
  8723 | D:8      | Found a white marble altar of Elyvilon.
  8773 | D:9      | Found a staircase to the Orcish Mines.
  8883 | D:9      | Received a gift from Trog
  9488 | D:9      | Reached skill level 11 in Fighting
  9857 | D:9      | Received a gift from Trog
 10030 | D:10     | Entered Level 10 of the Dungeon
 10111 | D:10     | Noticed an unseen horror
 10143 | D:10     | Killed an unseen horror
 10143 | D:10     | Reached XP level 11. HP: 75/75 MP: 11/11
 10246 | D:10     | Noticed a two-headed ogre
 10253 | D:10     | Killed a two-headed ogre
 10899 | D:10     | Reached skill level 12 in Fighting
 11820 | D:11     | Received a gift from Trog
 12209 | D:11     | Noticed Urug
 12226 | D:11     | Paralysed by Urug for 7 turns
 12233 | D:11     | Slain by Urug

Skill      XL: |  1  2  3  4  5  6  7  8  9 10 11 |
---------------+----------------------------------+-----
Dodging        | 2 3 4 5 6 7 |  7.1
Fighting       | 4 5 6 8 9 11 12 | 12.5
Maces & Flails | 4 5 6 7 8 9 |  9.3
Armour         | 3 4 5 6 8 9 |  9.0
Stealth        | |  0.3

Action                   |  1- 3 |  4- 6 |  7- 9 | 10-12 || total
-------------------------+-------+-------+-------+-------++-------
Melee: Mace              |   114 |   254 |   483 |  1084 ||  1935
Invok: Berserk           |     5 |     6 |    15 |     9 ||    35
  Use: Scroll            |       |     8 |     3 |     3 ||    14
       Potion            |       |     1 |     2 |     3 ||     6
 Stab: Sleeping          |       |     1 |       |       ||     1
  Eat: Chunk             |     5 |    10 |    18 |    17 ||    50
       Ration            |       |     1 |     3 |     3 ||     7
Armor: Animal skin       |    48 |    79 |       |       ||   127
       Plate armour      |       |    96 |   370 |   850 ||  1316
Dodge: Dodged            |    79 |   205 |   216 |   552 ||  1052
